Match 40909156
Unlisted
Match 40909156
End
Construct Section Command Post
Vickers Machine Gun Team
Selects Canadian Shock Battlegroup
Dingo Light Scout Car
ML 3-inch Mortar Team
ML 3-inch Mortar Team
Construct Platoon Command Post
Selects Attacking Spirit
Selects Canadian Shock Section
Canadian Shock Section
Construct Field Infirmary
Unlock Bishop Self-propelled Artillery
Selects Burnout
Infantry Training
Vickers Machine Gun Team
Canadian Shock Section
Selects Pyrotechnics
Construct Company Command Post
Bishop Self-propelled Artillery
Construct Company Command Post
Unlock Towed 17-pounder Anti-tank Guns
Crusader II Medium Tank
Foot Guards Section
Crusader II Medium Tank
Drink||Chouchen
XoniX_Samurai
Robot Devil
MatioS
Zbirga
Dirkradix
0
0
Comments sign in to comment!
No comments posted yet!